Predators vs Blue Jackets
Created - 31 janvier 2015 at 22:54
Goals
|
Predators |
3 |
4 |
2 |
9 |
Blue Jackets |
2 |
2 |
1 |
5 |
|
Shots
|
Predators |
7 |
8 |
14 |
29 |
Blue Jackets |
14 |
9 |
6 |
29 |
|
1st period
1. Predators , Oleg Saprykin 14 (Danny Richmond, Kris Vernarsky) at 4:28
2. Blue Jackets , Marc Savard 23 (Pavel Bure, Marcus Nilson) at 10:06
3. Blue Jackets , David Booth 29 (Marc Savard) at 11:37 (PP)
4. Predators , Josef Vasicek 19 (Alexander Edler, Alexander Steen) at 12:09
5. Predators , Oleg Saprykin 15 (Alexander Edler, Kris Vernarsky) at 19:58
Penalties :
Danny Richmond (Nas) for Interference (Minor) at 0:56, Chris Kelly (Clb) for Roughing (Minor) at 5:39, Oliver Ekman-Larsson (Nas) for Tripping (Minor) at 11:33
2nd period
6. Predators , Michael Grabner 9 (Alexander Steen, Josef Vasicek) at 1:27 (PP)
7. Predators , Jeremy Williams 1 (Kris Vernarsky, Oleg Saprykin) at 9:40
8. Predators , Michael Grabner 10 (Alexander Steen, Robyn Regehr) at 12:49 (PP)
9. Blue Jackets , David Booth 30 (Marc Savard, Blake Wheeler) at 14:30
10. Blue Jackets , Chris Kelly 22 (Jason Ward) at 17:49
11. Predators , Jeremy Williams 2 (Oleg Saprykin, Kris Vernarsky) at 18:47
Penalties :
Wade Redden (Clb) for High sticking (Minor) at 0:09, Alexander Edler (Nas) for Tripping (Minor) at 3:32, Pavel Bure (Clb) for Hooking (Minor) at 7:03, Mike Commodore (Clb) for Holding (Minor) at 12:14, Marcus Nilson (Clb) for High sticking (Minor) at 15:33, Georges Laraque (Nas) for Holding (Minor) at 19:00
3rd period
12. Predators , Michael Grabner 11 (Josef Vasicek) at 1:08
13. Predators , Josef Vasicek 20 (Alexander Steen, Alexander Edler) at 13:07
14. Blue Jackets , Dave Steckel 6 (Adam Deadmarsh, Branislav Mezei) at 14:22
Penalties :
Alexander Ovechkin (Nas) for Cross-checking (Minor) at 1:21, Josef Vasicek (Nas) for Hooking (Minor) at 8:13, Mike Commodore (Clb) for Fighting (Major) at 11:53, Joe Thornton (Nas) for Fighting (Major) at 11:53, Jan Bulis (Clb) for Hooking (Minor) at 14:49, Pavel Bure (Clb) for Fighting (Major) at 17:44, Alexander Ovechkin (Nas) for Fighting (Major) at 17:44
Goalie Stats
Corey Crawford (Nas), 24 saves from 29 shots - (0,828), W, 2-2-0, 60:00 minutes
Mathieu Garon (Clb), 2 saves from 6 shots - (0,333), L, 5-8-1, 19:41 minutes
Rick DiPietro (Clb), 18 saves from 23 shots - (0,783), 40:19 minutes
Players Stats for Predators
Player Name G A P +/- PIM S H SB GA TA FO MP PP MP PK MP
------------------------------------------------------------------------------------
Alexander Edler 0 3 3 2 2 2 3 2 0 0 0/0 28:33 5:57 4:29
Alexander Ovechkin 0 0 0 -1 7 4 3 2 1 0 2/3 25:03 5:50 4:53
Alexander Steen 0 4 4 1 0 2 4 0 0 0 1/2 17:12 3:53 1:09
Andy Miele 0 0 0 0 0 0 0 0 0 0 0/1 4:22 0:00 0:00
Barret Jackman 0 0 0 -1 0 1 0 1 0 0 0/0 8:16 0:00 0:27
Brad Boyes 0 0 0 0 0 0 0 0 0 0 0/0 4:22 0:00 0:00
Danny Richmond 0 1 1 2 2 0 1 3 1 1 0/0 21:04 3:52 2:56
Georges Laraque 0 0 0 0 2 3 1 0 0 0 1/1 23:04 5:46 2:06
Jeremy Williams 2 0 2 2 0 2 1 0 0 0 0/0 8:22 0:00 0:00
Joe Thornton 0 0 0 0 5 2 4 0 0 0 24/41 24:06 4:28 6:17
Josef Vasicek 2 2 4 2 2 2 3 0 1 0 8/12 18:34 3:59 2:16
Kent Huskins 0 0 0 0 0 0 0 0 0 0 0/0 2:26 0:00 0:27
Kris Vernarsky 0 4 4 1 0 3 1 0 1 1 8/16 13:02 1:30 0:17
Michael Grabner 3 0 3 2 0 4 2 0 0 0 0/1 19:01 3:59 2:47
Oleg Saprykin 2 2 4 2 0 2 1 0 0 0 0/0 12:46 0:02 0:13
Oliver Ekman-Larsson 0 0 0 -1 2 0 0 0 0 0 0/0 9:27 0:00 2:07
Robyn Regehr 0 1 1 2 0 1 0 0 0 0 0/0 20:31 3:52 3:54
Ryan Mcdonagh 0 0 0 2 0 1 2 4 0 3 0/0 29:42 5:57 5:38
Players Stats for Blue Jackets
Player Name G A P +/- PIM S H SB GA TA FO MP PP MP PK MP
------------------------------------------------------------------------------------
Adam Deadmarsh 0 1 1 1 0 0 1 0 0 0 0/0 5:43 0:00 0:00
Blake Wheeler 0 1 1 -2 0 0 1 1 0 0 0/1 21:01 4:05 2:15
Brad Stuart 0 0 0 -1 0 3 0 0 0 0 0/0 8:52 0:00 0:00
Branislav Mezei 0 1 1 0 0 0 2 0 2 1 0/0 31:05 6:30 6:03
Chris Kelly 1 0 1 0 2 2 3 0 0 0 3/4 12:35 4:05 0:35
Dave Steckel 1 0 1 1 0 4 0 0 0 1 1/3 5:43 0:00 0:00
David Booth 2 0 2 -3 0 5 5 3 0 0 1/1 22:05 5:54 1:14
François Beauchemin 0 0 0 -2 0 0 2 1 0 0 0/0 20:03 3:29 3:46
Jan Bulis 0 0 0 -1 2 1 3 0 1 0 7/16 16:22 0:00 4:36
Jason Ward 0 1 1 0 0 0 0 1 0 0 0/1 8:07 0:00 0:00
Jeff Taffe 0 0 0 1 0 2 2 0 0 0 3/4 8:40 0:00 2:29
Kevin Bieksa 0 0 0 -1 0 1 1 1 1 1 0/0 23:25 3:29 1:57
Marc Savard 1 2 3 -3 0 3 4 2 0 0 15/43 22:51 5:54 2:15
Marcus Nilson 0 1 1 -1 2 1 2 0 1 0 1/1 15:29 4:05 0:00
Mike Commodore 0 0 0 -1 7 1 0 1 0 0 0/0 13:42 0:00 4:40
Pavel Bure 0 1 1 -2 7 0 3 0 0 0 0/0 15:57 5:54 0:00
Ramzi Abid 0 0 0 0 0 4 2 0 0 1 2/3 15:33 0:00 6:14
Wade Redden 0 0 0 -1 2 2 1 1 0 0 0/0 22:50 6:30 3:12
3 Stars
1 - Michael Grabner (Nas)
2 - Oleg Saprykin (Nas)
3 - Josef Vasicek (Nas)
Power Play
Predators - 2 on 6 Attempt(s) - 33,33%
Blue Jackets - 1 on 6 Attempt(s) - 16,67%
Penalty Kill
Predators - 5 on 6 Attempt(s) - 83,33%
- Score 0 goal in Penalty Kill
Blue Jackets - 4 on 6 Attempt(s) - 66,67%
- Score 0 goal in Penalty Kill
Team Stat
Predators - Hits : 26 - Faceoff Wins : 44 - Blocked Shots : 12 - Penalty Minutes : 22
Blue Jackets - Hits : 32 - Faceoff Wins : 33 - Blocked Shots : 11 - Penalty Minutes : 22
Official
Referees : Kozari Steve and Peel Tim
Linesman : Bryan Pancich and Jay Sharrers
Game Notes
Mathieu Garon enters game at 1:27 of 2nd period
Michael Grabner has scored a Hat Trick!
Rick DiPietro enters game at 1:08 of 3rd period
Mike Commodore and Joe Thornton fight to a draw at 11:53 of 3rd period
Pavel Bure and Alexander Ovechkin fight to a draw at 17:44 of 3rd period
Finance
Level 1 -- Attendance: 4447 (74,12%) -- Ticket Income 400 230 $
Level 2 -- Attendance: 4220 (84,40%) -- Ticket Income 232 100 $
Level 3 -- Attendance: 1932 (96,60%) -- Ticket Income 57 960 $
Level 4 -- Attendance: 3849 (96,23%) -- Ticket Income 76 980 $
Luxury Box -- Attendance: 785 (78,50%) -- Ticket Income 145 225 $
Game was played at the Ohio State Arena'
Total Attendance: 15233 (84,63%)
Total Ticket Income: 912 495 $
Other Income: 136 874 $
Total Income: 1 049 369 $
Predators
5 vs 5 Forward
Center Left Wing Right Wing Time % Phy DF OF
1 Joe Thornton Alexander Ovechkin Georges Laraque 40 0 2 2
2 Josef Vasicek Alexander Steen Michael Grabner 30 1 2 2
3 Kris Vernarsky Oleg Saprykin Jeremy Williams 20 1 2 2
4 Andy Miele Oleg Saprykin Brad Boyes 10 1 2 2
5 vs 5 Defense
Defense Defense Time % Phy DF OF
1 Alexander Edler Ryan Mcdonagh 40 1 2 2
2 Robyn Regehr Danny Richmond 30 1 2 2
3 Barret Jackman Oliver Ekman-Larsson 20 1 2 2
4 Danny Richmond Kent Huskins 10 1 2 2
PowerPlay Forward
Center Left Wing Right Wing Time % Phy DF OF
1 Joe Thornton Alexander Ovechkin Georges Laraque 60 1 2 2
2 Josef Vasicek Alexander Steen Michael Grabner 40 1 2 2
PowerPlay Defense
Defense Defense Time % Phy DF OF
1 Alexander Edler Ryan Mcdonagh 60 1 2 2
2 Robyn Regehr Danny Richmond 40 1 2 2
Penalty Kill 4 Players Forward
Center Wing Time % Phy DF OF
1 Joe Thornton Alexander Ovechkin 60 1 2 2
2 Josef Vasicek Georges Laraque 40 1 2 2
Penalty Kill 4 Players Defense
Defense Defense Time % Phy DF OF
1 Alexander Edler Ryan Mcdonagh 60 1 2 2
2 Robyn Regehr Danny Richmond 40 1 2 2
Penalty Kill - 3 Players Forward
Forward Time % Phy DF OF
1 Alexander Ovechkin 60 1 2 2
2 Georges Laraque 40 1 2 2
Penalty Kill - 3 Players Defense
Defense Defense Time % Phy DF OF
1 Alexander Edler Ryan Mcdonagh 60 1 2 2
2 Robyn Regehr Danny Richmond 40 1 2 2
4 vs 4 Forward
Center Wing Time % Phy DF OF
1 Joe Thornton Alexander Ovechkin 60 1 2 2
2 Josef Vasicek Alexander Steen 40 1 2 2
4 vs 4 Defense
Defense Defense Time % Phy DF OF
1 Alexander Edler Ryan Mcdonagh 60 1 2 2
2 Robyn Regehr Danny Richmond 40 1 2 2
Last Minutes Offensive
Center Left Wing Right Wing Defense Defense
Joe Thornton Alexander Ovechkin Brad Boyes Alexander Edler Ryan Mcdonagh
Last Minutes Defensive
Center Left Wing Right Wing Defense Defense
Joe Thornton Alexander Ovechkin Georges Laraque Ryan Mcdonagh Danny Richmond
Goaltenders
Starting : Corey Crawford
Backup : Kari Lehtonen
Extra Forwards
Normal : Kris Vernarsky, Oleg Saprykin, Michael Grabner - PP : Kris Vernarsky, Oleg Saprykin - PK : Michael Grabner
Extra Defensemen
Normal : Oliver Ekman-Larsson, Barret Jackman, Kent Huskins - PP : Oliver Ekman-Larsson - PK : Oliver Ekman-Larsson, Kent Huskins
Penalty Shots
Alexander Ovechkin, Michael Grabner, Alexander Steen, Brad Boyes, Joe Thornton
Blue Jackets
5 vs 5 Forward
Center Left Wing Right Wing Time % Phy DF OF
1 Marc Savard David Booth Blake Wheeler 40 1 1 3
2 Jan Bulis Marcus Nilson Pavel Bure 30 1 1 3
3 Chris Kelly Ramzi Abid Jason Ward 20 1 2 2
4 Dave Steckel Jeff Taffe Adam Deadmarsh 10 1 2 2
5 vs 5 Defense
Defense Defense Time % Phy DF OF
1 Branislav Mezei Kevin Bieksa 40 1 2 2
2 Wade Redden François Beauchemin 30 1 2 2
3 Brad Stuart Mike Commodore 20 1 2 2
4 Branislav Mezei Wade Redden 10 1 2 2
PowerPlay Forward
Center Left Wing Right Wing Time % Phy DF OF
1 Marc Savard David Booth Pavel Bure 60 1 1 3
2 Chris Kelly Marcus Nilson Blake Wheeler 40 1 1 3
PowerPlay Defense
Defense Defense Time % Phy DF OF
1 Branislav Mezei Wade Redden 60 1 1 3
2 Kevin Bieksa François Beauchemin 40 1 1 3
Penalty Kill 4 Players Forward
Center Wing Time % Phy DF OF
1 Jan Bulis Ramzi Abid 60 1 3 1
2 Marc Savard Blake Wheeler 40 1 3 1
Penalty Kill 4 Players Defense
Defense Defense Time % Phy DF OF
1 Mike Commodore Branislav Mezei 60 1 1 3
2 Wade Redden François Beauchemin 40 1 1 3
Penalty Kill - 3 Players Forward
Forward Time % Phy DF OF
1 Jan Bulis 60 1 3 1
2 Marc Savard 40 1 3 1
Penalty Kill - 3 Players Defense
Defense Defense Time % Phy DF OF
1 Mike Commodore Branislav Mezei 60 1 3 1
2 Wade Redden François Beauchemin 40 1 3 1
4 vs 4 Forward
Center Wing Time % Phy DF OF
1 Marc Savard David Booth 60 1 2 2
2 Pavel Bure Blake Wheeler 40 1 2 2
4 vs 4 Defense
Defense Defense Time % Phy DF OF
1 Branislav Mezei Wade Redden 60 1 2 2
2 Kevin Bieksa François Beauchemin 40 1 2 2
Last Minutes Offensive
Center Left Wing Right Wing Defense Defense
Marc Savard David Booth Pavel Bure Branislav Mezei Wade Redden
Last Minutes Defensive
Center Left Wing Right Wing Defense Defense
Marc Savard David Booth Pavel Bure Branislav Mezei Wade Redden
Goaltenders
Starting : Rick DiPietro
Backup : Mathieu Garon
Extra Forwards
Normal : Ramzi Abid, Jan Bulis, Jeff Taffe - PP : Ramzi Abid, Jan Bulis - PK : Jeff Taffe
Extra Defensemen
Normal : Brad Stuart, Mike Commodore, Kevin Bieksa - PP : Brad Stuart - PK : Mike Commodore, Kevin Bieksa
Penalty Shots
Marc Savard, David Booth, Pavel Bure, Blake Wheeler, Chris Kelly
% Time on Ice - Predators
Lines # - Real PCT - Wanted PCT - Time Play
Normal Forward
1 - 38% - 40% - 15:14
2 - 30% - 30% - 12:14
3 - 21% - 20% - 8:22
4 - 11% - 10% - 4:22
Normal Defense
1 - 46% - 40% - 18:35
2 - 32% - 30% - 12:45
3 - 18% - 20% - 7:21
4 - 4% - 10% - 1:31
PP Forward
1 - 59% - 60% - 5:50
2 - 41% - 40% - 3:59
PP Defense
1 - 61% - 60% - 5:57
2 - 39% - 40% - 3:52
PK Forward
1 - 73% - 60% - 7:19
2 - 27% - 40% - 2:40
PK Defense
1 - 61% - 60% - 6:05
2 - 39% - 40% - 3:54
PK3 Forward
1 - 0% - 60%
2 - 0% - 40%
PK3 Defense
1 - 0% - 60%
2 - 0% - 40%
44 Forward
1 - 0% - 60%
2 - 0% - 40%
44 Defense
1 - 0% - 60%
2 - 0% - 40%
Last Minute Offensive - 0:00
Last Minute Defensive - 0:00
Total
Forward - 60:00
Defense - 60:00
|
% Time on Ice - Blue Jackets
Lines # - Real PCT - Wanted PCT - Time Play
Normal Forward
1 - 37% - 40% - 14:57
2 - 28% - 30% - 11:25
3 - 20% - 20% - 8:07
4 - 14% - 10% - 5:43
Normal Defense
1 - 43% - 40% - 17:07
2 - 32% - 30% - 12:48
3 - 22% - 20% - 8:52
4 - 4% - 10% - 1:25
PP Forward
1 - 59% - 60% - 5:54
2 - 41% - 40% - 4:05
PP Defense
1 - 65% - 60% - 6:30
2 - 35% - 40% - 3:29
PK Forward
1 - 77% - 60% - 7:34
2 - 23% - 40% - 2:15
PK Defense
1 - 62% - 60% - 6:03
2 - 38% - 40% - 3:46
PK3 Forward
1 - 0% - 60%
2 - 0% - 40%
PK3 Defense
1 - 0% - 60%
2 - 0% - 40%
44 Forward
1 - 0% - 60%
2 - 0% - 40%
44 Defense
1 - 0% - 60%
2 - 0% - 40%
Last Minute Offensive - 0:00
Last Minute Defensive - 0:00
Total
Forward - 60:00
Defense - 60:00
|
Play by Play
1st period
0:01 of 1st period - Marc Savard wins face-off versus Joe Thornton in neutral zone.
0:04 of 1st period - Ryan Mcdonagh is hit by David Booth and loses puck.
0:27 of 1st period - Pavel Bure is hit by Alexander Steen.
0:33 of 1st period - Slapshot by Alexander Steen.
0:33 of 1st period - Deflect By Josef Vasicek.
0:33 of 1st period - Shot Misses the Net.
0:33 of 1st period - Puck is out of play.
0:34 of 1st period - Chris Kelly wins face-off versus Kris Vernarsky in Blue Jackets zone.
0:34 of 1st period - Chris Kelly is hit by Jeremy Williams.
0:56 of 1st period - Minor Penalty to Danny Richmond for Interference.
0:57 of 1st period - Joe Thornton wins face-off versus Marc Savard in Predators zone.
1:08 of 1st period - Snap shot by Joe Thornton.
1:08 of 1st period - Deflect By Alexander Ovechkin.
1:08 of 1st period - Shot Misses the Net.
1:08 of 1st period - Puck is out of play.
1:09 of 1st period - Joe Thornton wins face-off versus Marc Savard in Blue Jackets zone.
1:20 of 1st period - Wrist shot by Alexander Ovechkin.
1:20 of 1st period - Shot Misses the Net.
1:34 of 1st period - Chris Kelly is hit by Alexander Edler and loses puck.
1:43 of 1st period - Snap shot by Marcus Nilson.
1:43 of 1st period - Deflect By Ryan Mcdonagh.
1:43 of 1st period - Shot Blocked by Ryan Mcdonagh.
1:43 of 1st period - Puck is out of play.
1:44 of 1st period - Josef Vasicek wins face-off versus Marc Savard in Predators zone.
2:13 of 1st period - Josef Vasicek is hit by Chris Kelly and loses puck.
2:56 of 1st period - Penalty to Danny Richmond is over, Danny Richmond is back on ice.
3:11 of 1st period - François Beauchemin is hit by Oleg Saprykin.
3:15 of 1st period - Alexander Edler is hit by Jeff Taffe and loses puck.
3:43 of 1st period - Josef Vasicek is hit by Ramzi Abid.
3:59 of 1st period - Snap shot by Alexander Ovechkin.
3:59 of 1st period - Deflect By Joe Thornton.
3:59 of 1st period - Shot Misses the Net.
3:59 of 1st period - Puck is out of play.
4:00 of 1st period - Jan Bulis wins face-off versus Joe Thornton in Blue Jackets zone.
4:00 of 1st period - Jan Bulis is hit by Georges Laraque.
4:28 of 1st period - Slapshot by Oleg Saprykin.
4:28 of 1st period - Goal by Oleg Saprykin - Predators : 1 - Blue Jackets : 0.
4:29 of 1st period - Joe Thornton wins face-off versus Marc Savard in neutral zone.
4:34 of 1st period - Slapshot by Alexander Ovechkin.
4:34 of 1st period - Stopped by Rick DiPietro with a rebound.
4:56 of 1st period - Josef Vasicek is hit by Marcus Nilson.
5:08 of 1st period - Snap shot by Marcus Nilson.
5:08 of 1st period - Shot Misses the Net.
5:22 of 1st period - Snap shot by Marcus Nilson.
5:22 of 1st period - Stopped by Corey Crawford with a rebound.
5:24 of 1st period - Slapshot by Mike Commodore.
5:24 of 1st period - Stopped by Corey Crawford without a rebound.
5:25 of 1st period - Ramzi Abid wins face-off versus Joe Thornton in Predators zone.
5:26 of 1st period - Wrist shot by Chris Kelly.
5:26 of 1st period - Deflect By Ramzi Abid.
5:26 of 1st period - Stopped by Corey Crawford with a rebound.
5:39 of 1st period - Minor Penalty to Chris Kelly for Roughing.
5:40 of 1st period - Jan Bulis wins face-off versus Joe Thornton in Blue Jackets zone.
6:06 of 1st period - Jan Bulis is hit by Joe Thornton.
7:28 of 1st period - Wade Redden is hit by Joe Thornton and loses puck.
7:39 of 1st period - Penalty to Chris Kelly is over, Chris Kelly is back on ice.
7:53 of 1st period - Snap shot by Brad Boyes.
7:53 of 1st period - Shot Blocked by Wade Redden.
8:07 of 1st period - Snap shot by David Booth.
8:07 of 1st period - Stopped by Corey Crawford without a rebound.
8:08 of 1st period - Kris Vernarsky wins face-off versus Blake Wheeler in Predators zone.
8:57 of 1st period - Snap shot by Ramzi Abid.
8:57 of 1st period - Stopped by Corey Crawford with a rebound.
9:03 of 1st period - Kevin Bieksa is hit by Alexander Steen and loses puck.
9:14 of 1st period - Andy Miele is hit by Marc Savard.
9:36 of 1st period - Wrist shot by Dave Steckel.
9:36 of 1st period - Stopped by Corey Crawford with a rebound.
10:06 of 1st period - Wrist shot by Marc Savard.
10:06 of 1st period - Goal by Marc Savard - Predators : 1 - Blue Jackets : 1.
10:07 of 1st period - Joe Thornton wins face-off versus Marc Savard in neutral zone.
11:33 of 1st period - Minor Penalty to Oliver Ekman-Larsson for Tripping.
11:34 of 1st period - Marc Savard wins face-off versus Joe Thornton in Predators zone.
11:37 of 1st period - Wrist shot by David Booth.
11:37 of 1st period - Goal by David Booth - Predators : 1 - Blue Jackets : 2.
11:38 of 1st period - Georges Laraque wins face-off versus Marc Savard in neutral zone.
11:48 of 1st period - Backhand shot by Alexander Ovechkin.
11:48 of 1st period - Shot Misses the Net.
11:50 of 1st period - Slapshot by Ryan Mcdonagh.
11:50 of 1st period - Shot Blocked by David Booth.
11:52 of 1st period - Snap shot by Alexander Ovechkin.
11:52 of 1st period - Stopped by Rick DiPietro without a rebound.
11:53 of 1st period - Josef Vasicek wins face-off versus Marc Savard in Blue Jackets zone.
11:53 of 1st period - Josef Vasicek is hit by Kevin Bieksa.
11:59 of 1st period - Slapshot by Alexander Steen.
11:59 of 1st period - Stopped by Rick DiPietro without a rebound.
12:00 of 1st period - Josef Vasicek wins face-off versus Marc Savard in Blue Jackets zone.
12:07 of 1st period - Wrist shot by Josef Vasicek.
12:07 of 1st period - Shot Blocked by Kevin Bieksa.
12:09 of 1st period - Slapshot by Josef Vasicek.
12:09 of 1st period - Goal by Josef Vasicek - Predators : 2 - Blue Jackets : 2.
12:10 of 1st period - Joe Thornton wins face-off versus Marc Savard in neutral zone.
12:35 of 1st period - Pavel Bure is hit by Josef Vasicek and loses puck.
12:48 of 1st period - Snap shot by Alexander Steen.
12:48 of 1st period - Shot Misses the Net.
13:06 of 1st period - Danny Richmond is hit by Wade Redden.
13:08 of 1st period - Snap shot by Kris Vernarsky.
13:08 of 1st period - Shot Hit the Post.
13:18 of 1st period - Snap shot by Wade Redden.
13:18 of 1st period - Stopped by Corey Crawford without a rebound.
13:19 of 1st period - Joe Thornton wins face-off versus Marc Savard in Predators zone.
13:30 of 1st period - Snap shot by Alexander Ovechkin.
13:30 of 1st period - Shot Blocked by Marc Savard.
13:32 of 1st period - Snap shot by Georges Laraque.
13:32 of 1st period - Shot Misses the Net.
13:34 of 1st period - Slapshot by Georges Laraque.
13:34 of 1st period - Deflect By Marc Savard.
13:34 of 1st period - Shot Misses the Net.
13:34 of 1st period - Puck is out of play.
13:35 of 1st period - Josef Vasicek wins face-off versus Jan Bulis in Blue Jackets zone.
13:38 of 1st period - Wrist shot by Michael Grabner.
13:38 of 1st period - Shot Misses the Net.
13:51 of 1st period - Icing by Alexander Steen.
13:52 of 1st period - Marc Savard wins face-off versus Josef Vasicek in Predators zone.
14:39 of 1st period - Backhand shot by Kevin Bieksa.
14:39 of 1st period - Deflect By Chris Kelly.
14:39 of 1st period - Stopped by Corey Crawford with a rebound.
14:41 of 1st period - Snap shot by Branislav Mezei.
14:41 of 1st period - Shot Misses the Net.
14:49 of 1st period - Slapshot by Ramzi Abid.
14:49 of 1st period - Shot Misses the Net.
15:05 of 1st period - Jeff Taffe is hit by Michael Grabner and loses puck.
15:20 of 1st period - Georges Laraque is hit by François Beauchemin and loses puck.
15:51 of 1st period - Oleg Saprykin is hit by Pavel Bure and loses puck.
16:02 of 1st period - Wrist shot by Josef Vasicek.
16:02 of 1st period - Shot Misses the Net.
16:04 of 1st period - Snap shot by Alexander Steen.
16:04 of 1st period - Shot Blocked by Jason Ward.
16:06 of 1st period - Slapshot by Josef Vasicek.
16:06 of 1st period - Shot Misses the Net.
16:08 of 1st period - Slapshot by Barret Jackman.
16:08 of 1st period - Stopped by Rick DiPietro with a rebound.
16:23 of 1st period - Oleg Saprykin is hit by François Beauchemin and loses puck.
16:28 of 1st period - Snap shot by Adam Deadmarsh.
16:28 of 1st period - Deflect By Dave Steckel.
16:28 of 1st period - Stopped by Corey Crawford with a rebound.
16:38 of 1st period - Branislav Mezei is hit by Alexander Ovechkin and loses puck.
17:10 of 1st period - Icing by Pavel Bure.
17:11 of 1st period - Marcus Nilson wins face-off versus Joe Thornton in Blue Jackets zone.
17:16 of 1st period - Backhand shot by Kevin Bieksa.
17:16 of 1st period - Stopped by Corey Crawford with a rebound.
17:38 of 1st period - Marcus Nilson is hit by Alexander Steen and loses puck.
17:57 of 1st period - Backhand shot by Chris Kelly.
17:57 of 1st period - Shot Hit the Post.
17:59 of 1st period - Wrist shot by Brad Stuart.
17:59 of 1st period - Stopped by Corey Crawford with a rebound.
18:01 of 1st period - Snap shot by Ramzi Abid.
18:01 of 1st period - Shot Misses the Net.
18:03 of 1st period - Slapshot by Brad Stuart.
18:03 of 1st period - Stopped by Corey Crawford without a rebound.
18:04 of 1st period - David Booth wins face-off versus Joe Thornton in Predators zone.
19:01 of 1st period - Robyn Regehr is hit by Jan Bulis and loses puck.
19:20 of 1st period - Robyn Regehr is hit by Marc Savard and loses puck.
19:56 of 1st period - Slapshot by Alexander Edler.
19:56 of 1st period - Shot Misses the Net.
19:58 of 1st period - Wrist shot by Oleg Saprykin.
19:58 of 1st period - Goal by Oleg Saprykin - Predators : 3 - Blue Jackets : 2.
19:59 of 1st period - Jan Bulis wins face-off versus Joe Thornton in neutral zone.
Goals for this period are 3 for Predators vs 2 for Blue Jackets.
Shots for this period are 7 for Predators vs 14 for Blue Jackets.
2nd period
0:01 of 2nd period - Alexander Ovechkin wins face-off versus Marc Savard in neutral zone.
0:09 of 2nd period - Minor Penalty to Wade Redden for High sticking.
0:10 of 2nd period - Alexander Ovechkin wins face-off versus Jan Bulis in Blue Jackets zone.
0:22 of 2nd period - Wrist shot by Joe Thornton.
0:22 of 2nd period - Stopped by Rick DiPietro with a rebound.
0:24 of 2nd period - Snap shot by Alexander Ovechkin.
0:24 of 2nd period - Stopped by Rick DiPietro without a rebound.
0:25 of 2nd period - Jan Bulis wins face-off versus Joe Thornton in Blue Jackets zone.
0:53 of 2nd period - Icing by Ryan Mcdonagh.
0:54 of 2nd period - Josef Vasicek wins face-off versus Jan Bulis in Predators zone.
1:05 of 2nd period - Wrist shot by Joe Thornton.
1:05 of 2nd period - Shot Misses the Net.
1:25 of 2nd period - Slapshot by Alexander Steen.
1:25 of 2nd period - Shot Misses the Net.
1:27 of 2nd period - Slapshot by Michael Grabner.
1:27 of 2nd period - Goal by Michael Grabner - Predators : 4 - Blue Jackets : 2.
1:27 of 2nd period - Mathieu Garon enters game.
1:28 of 2nd period - Joe Thornton wins face-off versus Marc Savard in neutral zone.
1:43 of 2nd period - Alexander Ovechkin is hit by Marc Savard and loses puck.
1:56 of 2nd period - Wade Redden is hit by Alexander Steen and loses puck.
2:08 of 2nd period - Off-side.
2:09 of 2nd period - Ramzi Abid wins face-off versus Andy Miele in neutral zone.
2:34 of 2nd period - Branislav Mezei is hit by Danny Richmond and loses puck.
3:19 of 2nd period - Snap shot by Jeff Taffe.
3:19 of 2nd period - Stopped by Corey Crawford with a rebound.
3:21 of 2nd period - Slapshot by Mike Commodore.
3:21 of 2nd period - Shot Misses the Net.
3:32 of 2nd period - Minor Penalty to Alexander Edler for Tripping.
3:33 of 2nd period - Marc Savard wins face-off versus Joe Thornton in Predators zone.
3:41 of 2nd period - Wrist shot by Marc Savard.
3:41 of 2nd period - Shot Misses the Net.
3:43 of 2nd period - Slapshot by Marc Savard.
3:43 of 2nd period - Stopped by Corey Crawford without a rebound.
3:44 of 2nd period - Marc Savard wins face-off versus Joe Thornton in Predators zone.
4:11 of 2nd period - Joe Thornton is hit by Branislav Mezei and loses puck.
5:32 of 2nd period - Penalty to Alexander Edler is over, Alexander Edler is back on ice.
5:40 of 2nd period - Slapshot by Jeff Taffe.
5:40 of 2nd period - Shot Blocked by Barret Jackman.
5:59 of 2nd period - Off-side.
6:00 of 2nd period - Chris Kelly wins face-off versus Josef Vasicek in neutral zone.
6:18 of 2nd period - Off-side.
6:19 of 2nd period - Joe Thornton wins face-off versus Dave Steckel in neutral zone.
6:49 of 2nd period - Snap shot by Alexander Ovechkin.
6:49 of 2nd period - Deflect By Georges Laraque.
6:49 of 2nd period - Shot Misses the Net.
6:49 of 2nd period - Puck is out of play.
6:50 of 2nd period - Jan Bulis wins face-off versus Josef Vasicek in Blue Jackets zone.
6:57 of 2nd period - Kevin Bieksa is hit by Josef Vasicek and loses puck.
7:03 of 2nd period - Minor Penalty to Pavel Bure for Hooking.
7:04 of 2nd period - Joe Thornton wins face-off versus Jan Bulis in Blue Jackets zone.
7:37 of 2nd period - Snap shot by Michael Grabner.
7:37 of 2nd period - Stopped by Mathieu Garon without a rebound.
7:38 of 2nd period - Joe Thornton wins face-off versus Marc Savard in Blue Jackets zone.
8:03 of 2nd period - Danny Richmond is hit by Jan Bulis and loses puck.
8:48 of 2nd period - Alexander Steen is hit by Jeff Taffe and loses puck.
9:01 of 2nd period - Mike Commodore is hit by Alexander Ovechkin and loses puck.
9:03 of 2nd period - Penalty to Pavel Bure is over, Pavel Bure is back on ice.
9:14 of 2nd period - Slapshot by Jeff Taffe.
9:14 of 2nd period - Stopped by Corey Crawford without a rebound.
9:15 of 2nd period - Dave Steckel wins face-off versus Kris Vernarsky in Predators zone.
9:40 of 2nd period - Snap shot by Jeremy Williams.
9:40 of 2nd period - Goal by Jeremy Williams - Predators : 5 - Blue Jackets : 2.
9:41 of 2nd period - Marc Savard wins face-off versus Joe Thornton in neutral zone.
9:44 of 2nd period - Joe Thornton is hit by Marc Savard and loses puck.
10:03 of 2nd period - Branislav Mezei is hit by Alexander Edler and loses puck.
11:12 of 2nd period - Danny Richmond is hit by Jan Bulis and loses puck.
11:27 of 2nd period - Snap shot by Marc Savard.
11:27 of 2nd period - Shot Blocked by Danny Richmond.
11:29 of 2nd period - Snap shot by Marc Savard.
11:29 of 2nd period - Shot Misses the Net.
11:31 of 2nd period - Wrist shot by David Booth.
11:31 of 2nd period - Shot Misses the Net.
11:33 of 2nd period - Slapshot by Brad Stuart.
11:33 of 2nd period - Stopped by Corey Crawford with a rebound.
11:45 of 2nd period - Robyn Regehr is hit by Chris Kelly and loses puck.
12:14 of 2nd period - Minor Penalty to Mike Commodore for Holding.
12:15 of 2nd period - Joe Thornton wins face-off versus Jan Bulis in Blue Jackets zone.
12:32 of 2nd period - Snap shot by Georges Laraque.
12:32 of 2nd period - Deflect By Jan Bulis.
12:32 of 2nd period - Shot Blocked by François Beauchemin.
12:32 of 2nd period - Puck is out of play.
12:33 of 2nd period - Jan Bulis wins face-off versus Josef Vasicek in Blue Jackets zone.
12:49 of 2nd period - Wrist shot by Michael Grabner.
12:49 of 2nd period - Goal by Michael Grabner - Predators : 6 - Blue Jackets : 2.
12:50 of 2nd period - Joe Thornton wins face-off versus Marc Savard in neutral zone.
13:15 of 2nd period - Ryan Mcdonagh is hit by Pavel Bure and loses puck.
14:02 of 2nd period - Snap shot by Marc Savard.
14:02 of 2nd period - Shot Misses the Net.
14:20 of 2nd period - Snap shot by Dave Steckel.
14:20 of 2nd period - Stopped by Corey Crawford without a rebound.
14:21 of 2nd period - Marc Savard wins face-off versus Kris Vernarsky in Predators zone.
14:28 of 2nd period - Snap shot by Marc Savard.
14:28 of 2nd period - Stopped by Corey Crawford with a rebound.
14:30 of 2nd period - Wrist shot by David Booth.
14:30 of 2nd period - Goal by David Booth - Predators : 6 - Blue Jackets : 3.
14:31 of 2nd period - Marc Savard wins face-off versus Joe Thornton in neutral zone.
14:42 of 2nd period - Snap shot by David Booth.
14:42 of 2nd period - Stopped by Corey Crawford without a rebound.
14:43 of 2nd period - Joe Thornton wins face-off versus Marc Savard in Predators zone.
15:33 of 2nd period - Minor Penalty to Marcus Nilson for High sticking.
15:34 of 2nd period - Joe Thornton wins face-off versus Jan Bulis in Blue Jackets zone.
15:51 of 2nd period - Branislav Mezei is hit by Joe Thornton and loses puck.
16:04 of 2nd period - Wrist shot by Alexander Steen.
16:04 of 2nd period - Shot Misses the Net.
16:08 of 2nd period - Slapshot by Josef Vasicek.
16:08 of 2nd period - Shot Blocked by Mike Commodore.
17:16 of 2nd period - Josef Vasicek is hit by David Booth and loses puck.
17:33 of 2nd period - Penalty to Marcus Nilson is over, Marcus Nilson is back on ice.
17:39 of 2nd period - Wrist shot by Wade Redden.
17:39 of 2nd period - Shot Blocked by Alexander Edler.
17:41 of 2nd period - Wrist shot by Marcus Nilson.
17:41 of 2nd period - Shot Blocked by Ryan Mcdonagh.
17:43 of 2nd period - Slapshot by Marc Savard.
17:43 of 2nd period - Shot Blocked by Ryan Mcdonagh.
17:45 of 2nd period - Wrist shot by Blake Wheeler.
17:45 of 2nd period - Deflect By Marc Savard.
17:45 of 2nd period - Shot Blocked by Alexander Edler.
17:45 of 2nd period - Puck is out of play.
17:46 of 2nd period - Chris Kelly wins face-off versus Kris Vernarsky in Predators zone.
17:49 of 2nd period - Wrist shot by Chris Kelly.
17:49 of 2nd period - Goal by Chris Kelly - Predators : 6 - Blue Jackets : 4.
17:50 of 2nd period - Joe Thornton wins face-off versus Marc Savard in neutral zone.
17:55 of 2nd period - Wrist shot by Joe Thornton.
17:55 of 2nd period - Stopped by Mathieu Garon with a rebound.
18:27 of 2nd period - Wrist shot by Josef Vasicek.
18:27 of 2nd period - Shot Misses the Net.
18:45 of 2nd period - Wrist shot by Oleg Saprykin.
18:45 of 2nd period - Shot Misses the Net.
18:47 of 2nd period - Snap shot by Jeremy Williams.
18:47 of 2nd period - Goal by Jeremy Williams - Predators : 7 - Blue Jackets : 4.
18:48 of 2nd period - Joe Thornton wins face-off versus Marc Savard in neutral zone.
18:51 of 2nd period - Slapshot by Alexander Edler.
18:51 of 2nd period - Shot Blocked by Marc Savard.
19:00 of 2nd period - Minor Penalty to Georges Laraque for Holding.
19:01 of 2nd period - Joe Thornton wins face-off versus Marc Savard in Predators zone.
19:12 of 2nd period - Alexander Edler is hit by David Booth and loses puck.
19:36 of 2nd period - Wrist shot by Chris Kelly.
19:36 of 2nd period - Shot Misses the Net.
Goals for this period are 4 for Predators vs 2 for Blue Jackets.
Shots for this period are 8 for Predators vs 9 for Blue Jackets.
3rd period
0:01 of 3rd period - Marc Savard wins face-off versus Alexander Ovechkin in neutral zone.
0:12 of 3rd period - Wrist shot by David Booth.
0:12 of 3rd period - Shot Misses the Net.
0:14 of 3rd period - Slapshot by Marc Savard.
0:14 of 3rd period - Shot Blocked by Ryan Mcdonagh.
0:16 of 3rd period - Slapshot by Wade Redden.
0:16 of 3rd period - Stopped by Corey Crawford with a rebound.
0:32 of 3rd period - Josef Vasicek is hit by Blake Wheeler and loses puck.
1:00 of 3rd period - Penalty to Georges Laraque is over, Georges Laraque is back on ice.
1:01 of 3rd period - Pavel Bure is hit by Josef Vasicek and loses puck.
1:06 of 3rd period - Wrist shot by Michael Grabner.
1:06 of 3rd period - Shot Misses the Net.
1:08 of 3rd period - Wrist shot by Michael Grabner.
1:08 of 3rd period - Goal by Michael Grabner - Predators : 8 - Blue Jackets : 4.
1:08 of 3rd period - Rick DiPietro enters game.
1:09 of 3rd period - Joe Thornton wins face-off versus Jason Ward in neutral zone.
1:21 of 3rd period - Minor Penalty to Alexander Ovechkin for Cross-checking.
1:22 of 3rd period - Joe Thornton wins face-off versus Marc Savard in Predators zone.
1:22 of 3rd period - Joe Thornton is hit by David Booth.
1:32 of 3rd period - Off-side.
1:33 of 3rd period - Marc Savard wins face-off versus Joe Thornton in neutral zone.
1:36 of 3rd period - Joe Thornton is hit by David Booth and loses puck.
1:47 of 3rd period - Snap shot by Alexander Edler.
1:47 of 3rd period - Stopped by Rick DiPietro without a rebound.
1:48 of 3rd period - Marc Savard wins face-off versus Michael Grabner in Blue Jackets zone.
2:03 of 3rd period - Slapshot by Marc Savard.
2:03 of 3rd period - Shot Misses the Net.
2:25 of 3rd period - Slapshot by Ryan Mcdonagh.
2:25 of 3rd period - Stopped by Rick DiPietro without a rebound.
2:26 of 3rd period - Joe Thornton wins face-off versus Marc Savard in Blue Jackets zone.
3:21 of 3rd period - Penalty to Alexander Ovechkin is over, Alexander Ovechkin is back on ice.
4:00 of 3rd period - Barret Jackman is hit by Chris Kelly and loses puck.
4:15 of 3rd period - Branislav Mezei is hit by Joe Thornton and loses puck.
4:35 of 3rd period - Kevin Bieksa is hit by Michael Grabner and loses puck.
5:25 of 3rd period - François Beauchemin is hit by Ryan Mcdonagh and loses puck.
5:46 of 3rd period - Snap shot by Marcus Nilson.
5:46 of 3rd period - Shot Misses the Net.
6:04 of 3rd period - Jeremy Williams is hit by Adam Deadmarsh and loses puck.
6:32 of 3rd period - Off-side.
6:33 of 3rd period - Josef Vasicek wins face-off versus Marc Savard in neutral zone.
6:57 of 3rd period - Marc Savard is hit by Alexander Edler.
7:27 of 3rd period - Wrist shot by Ramzi Abid.
7:27 of 3rd period - Stopped by Corey Crawford with a rebound.
7:29 of 3rd period - Wrist shot by Chris Kelly.
7:29 of 3rd period - Deflect By Ramzi Abid.
7:29 of 3rd period - Shot Blocked by Danny Richmond.
7:29 of 3rd period - Puck is out of play.
7:30 of 3rd period - Joe Thornton wins face-off versus Jan Bulis in Predators zone.
8:13 of 3rd period - Minor Penalty to Josef Vasicek for Hooking.
8:14 of 3rd period - Joe Thornton wins face-off versus Marc Savard in Predators zone.
8:14 of 3rd period - Joe Thornton is hit by Branislav Mezei.
10:13 of 3rd period - Penalty to Josef Vasicek is over, Josef Vasicek is back on ice.
11:18 of 3rd period - Off-side.
11:19 of 3rd period - Josef Vasicek wins face-off versus Jan Bulis in neutral zone.
11:26 of 3rd period - Wrist shot by Alexander Steen.
11:26 of 3rd period - Shot Misses the Net.
11:40 of 3rd period - Wrist shot by Marc Savard.
11:40 of 3rd period - Shot Blocked by Danny Richmond.
11:42 of 3rd period - Wrist shot by Brad Stuart.
11:42 of 3rd period - Shot Blocked by Alexander Ovechkin.
11:46 of 3rd period - Snap shot by David Booth.
11:46 of 3rd period - Stopped by Corey Crawford without a rebound.
11:47 of 3rd period - Marc Savard wins face-off versus Joe Thornton in Predators zone.
11:53 of 3rd period - Mike Commodore and Joe Thornton fight to a draw.
11:53 of 3rd period - Penalty to Mike Commodore for Fighting.
11:53 of 3rd period - Penalty to Joe Thornton for Fighting.
11:54 of 3rd period - Kris Vernarsky wins face-off versus Marc Savard in Predators zone.
12:04 of 3rd period - David Booth is hit by Kris Vernarsky and loses puck.
12:21 of 3rd period - Michael Grabner is hit by Marcus Nilson and loses puck.
12:30 of 3rd period - Slapshot by Jan Bulis.
12:30 of 3rd period - Stopped by Corey Crawford without a rebound.
12:31 of 3rd period - Kris Vernarsky wins face-off versus Chris Kelly in Predators zone.
12:59 of 3rd period - Icing by David Booth.
13:00 of 3rd period - Alexander Steen wins face-off versus Marc Savard in Blue Jackets zone.
13:01 of 3rd period - Wrist shot by Josef Vasicek.
13:01 of 3rd period - Shot Blocked by Blake Wheeler.
13:05 of 3rd period - Snap shot by Alexander Steen.
13:05 of 3rd period - Shot Blocked by David Booth.
13:07 of 3rd period - Slapshot by Alexander Steen.
13:07 of 3rd period - Deflect By Josef Vasicek.
13:07 of 3rd period - Goal by Josef Vasicek - Predators : 9 - Blue Jackets : 4.
13:08 of 3rd period - Kris Vernarsky wins face-off versus Marc Savard in neutral zone.
13:19 of 3rd period - Wrist shot by Kris Vernarsky.
13:19 of 3rd period - Shot Misses the Net.
13:21 of 3rd period - Snap shot by Kris Vernarsky.
13:21 of 3rd period - Stopped by Rick DiPietro with a rebound.
13:23 of 3rd period - Snap shot by Alexander Edler.
13:23 of 3rd period - Shot Misses the Net.
13:25 of 3rd period - Slapshot by Alexander Edler.
13:25 of 3rd period - Stopped by Rick DiPietro with a rebound.
13:35 of 3rd period - Alexander Steen is hit by Pavel Bure and loses puck.
14:12 of 3rd period - Off-side.
14:13 of 3rd period - Kris Vernarsky wins face-off versus Dave Steckel in neutral zone.
14:22 of 3rd period - Snap shot by Dave Steckel.
14:22 of 3rd period - Goal by Dave Steckel - Predators : 9 - Blue Jackets : 5.
14:23 of 3rd period - Kris Vernarsky wins face-off versus Marc Savard in neutral zone.
14:25 of 3rd period - Off-side.
14:26 of 3rd period - Marc Savard wins face-off versus Kris Vernarsky in neutral zone.
14:49 of 3rd period - Minor Penalty to Jan Bulis for Hooking.
14:50 of 3rd period - Jeff Taffe wins face-off versus Kris Vernarsky in Blue Jackets zone.
15:01 of 3rd period - Wrist shot by Ramzi Abid.
15:01 of 3rd period - Stopped by Corey Crawford with a rebound.
15:03 of 3rd period - Backhand shot by Kevin Bieksa.
15:03 of 3rd period - Shot Blocked by Alexander Ovechkin.
15:20 of 3rd period - Wrist shot by Alexander Steen.
15:20 of 3rd period - Stopped by Rick DiPietro without a rebound.
15:21 of 3rd period - Kris Vernarsky wins face-off versus Jeff Taffe in Blue Jackets zone.
15:22 of 3rd period - Wrist shot by Alexander Ovechkin.
15:22 of 3rd period - Shot Misses the Net.
15:24 of 3rd period - Snap shot by Georges Laraque.
15:24 of 3rd period - Stopped by Rick DiPietro with a rebound.
15:26 of 3rd period - Snap shot by Alexander Ovechkin.
15:26 of 3rd period - Stopped by Rick DiPietro without a rebound.
15:27 of 3rd period - Jeff Taffe wins face-off versus Kris Vernarsky in Blue Jackets zone.
15:33 of 3rd period - Icing by Alexander Edler.
15:34 of 3rd period - Kris Vernarsky wins face-off versus Ramzi Abid in Predators zone.
15:50 of 3rd period - Off-side.
15:51 of 3rd period - Jeff Taffe wins face-off versus Kris Vernarsky in neutral zone.
16:16 of 3rd period - Ryan Mcdonagh is hit by Ramzi Abid.
16:42 of 3rd period - François Beauchemin is hit by Alexander Ovechkin and loses puck.
16:49 of 3rd period - Penalty to Jan Bulis is over, Jan Bulis is back on ice.
17:07 of 3rd period - David Booth is hit by Ryan Mcdonagh and loses puck.
17:20 of 3rd period - Icing by Alexander Edler.
17:21 of 3rd period - Josef Vasicek wins face-off versus Marc Savard in Predators zone.
17:27 of 3rd period - Off-side.
17:28 of 3rd period - Joe Thornton wins face-off versus Jan Bulis in neutral zone.
17:44 of 3rd period - Pavel Bure and Alexander Ovechkin fight to a draw.
17:44 of 3rd period - Penalty to Pavel Bure for Fighting.
17:44 of 3rd period - Penalty to Alexander Ovechkin for Fighting.
17:45 of 3rd period - Marc Savard wins face-off versus Joe Thornton in neutral zone.
17:48 of 3rd period - Slapshot by Marc Savard.
17:48 of 3rd period - Shot Misses the Net.
17:58 of 3rd period - Snap shot by Marc Savard.
17:58 of 3rd period - Shot Misses the Net.
18:20 of 3rd period - Off-side.
18:21 of 3rd period - Marc Savard wins face-off versus Joe Thornton in neutral zone.
18:24 of 3rd period - Slapshot by Wade Redden.
18:24 of 3rd period - Shot Misses the Net.
18:30 of 3rd period - Snap shot by Georges Laraque.
18:30 of 3rd period - Stopped by Rick DiPietro without a rebound.
18:31 of 3rd period - Joe Thornton wins face-off versus Marc Savard in Blue Jackets zone.
18:32 of 3rd period - Slapshot by Georges Laraque.
18:32 of 3rd period - Deflect By Marc Savard.
18:32 of 3rd period - Stopped by Rick DiPietro with a rebound.
18:34 of 3rd period - Wrist shot by Kris Vernarsky.
18:34 of 3rd period - Stopped by Rick DiPietro with a rebound.
18:46 of 3rd period - Slapshot by Georges Laraque.
18:46 of 3rd period - Deflect By Kris Vernarsky.
18:46 of 3rd period - Stopped by Rick DiPietro with a rebound.
18:48 of 3rd period - Slapshot by Danny Richmond.
18:48 of 3rd period - Shot Misses the Net.
18:50 of 3rd period - Slapshot by Robyn Regehr.
18:50 of 3rd period - Stopped by Rick DiPietro with a rebound.
19:04 of 3rd period - Wrist shot by Georges Laraque.
19:04 of 3rd period - Deflect By Joe Thornton.
19:04 of 3rd period - Shot Blocked by David Booth.
19:04 of 3rd period - Puck is out of play.
19:05 of 3rd period - Jan Bulis wins face-off versus Alexander Steen in Blue Jackets zone.
19:41 of 3rd period - Wrist shot by Alexander Steen.
19:41 of 3rd period - Shot Misses the Net.
19:43 of 3rd period - Wrist shot by Michael Grabner.
19:43 of 3rd period - Shot Misses the Net.
19:45 of 3rd period - Wrist shot by Josef Vasicek.
19:45 of 3rd period - Shot Misses the Net.
Goals for this period are 2 for Predators vs 1 for Blue Jackets.
Shots for this period are 14 for Predators vs 6 for Blue Jackets.
Output by the SimonT Hockey Simulator (STHS) for François Prévost -- Original Page W3C XHTML 1.0 Valid